 Dungeon Crawl Stone Soup version 0.30-a0-622-gddc90eaa04 (webtiles) character file.

Game seed: 4263629114184390398

35 OTABOTABOTAB the Insei (level 3, -1/24 HPs)
             Began as an Octopode Transmuter on Jan 10, 2023.
             Killed by divine providence
             ... invoked by an orc priest
              (11 damage)
             ... on level 3 of the Dungeon.
             The game lasted 00:02:30 (794 turns).

OTABOTABOTAB the Insei (Octopode Transmuter)         Turns: 794, Time: 00:02:30

Health: -1/24      AC:  1    Str:  9    XL:     3   Next: 35%
Magic:  6/6        EV: 13    Int: 17    God:
Gold:   88         SH:  0    Dex: 12    Spells: 3/6 levels left

rFire   . . .      SeeInvis .      - Unarmed
rCold   . . .      Faith    .    (no shield)
rNeg    . . .      Spirit   .    (helmet restricted)
rPois   .          Reflect  .    (no amulet)
rElec   .          Harm     .    (no ring)
rCorr   .          Rampage  .    (no ring)
Will    .....                    (no ring)
Stlth   ++                       (no ring)
HPRegen 0.24/turn                (no ring)
MPRegen 0.10/turn                (no ring)
                                 (no ring)
                                 (no ring)

@: no status effects
A: almost no armour, amphibious, 8 rings, camouflage 1, gelatinous body 1,
(nimble swimmer 1), tentacles
a: no special abilities


You were on level 3 of the Dungeon.
You visited 1 branch of the dungeon, and saw 3 of its levels.

You collected 88 gold pieces.

Inventory:

Missiles
 s - 4 stones
Scrolls
 D - a scroll of blinking {!r}
Potions
 J - a potion of curing {@q1}
 P - a potion of lignification {!q}


   Skills:
 + Level 1.9 Fighting
 - Level 2.0 Dodging
 + Level 3.4 Unarmed Combat
 - Level 2.0 Spellcasting
 + Level 2.6 Transmutations


You had 3 spell levels left.
You knew the following spells:

 Your Spells              Type           Power      Damage    Failure   Level
a - Beastly Appendage     Tmut           20%        N/A       7%          1
b - Wereblood             Tmut           10%        N/A       10%         2

Your spell library contained the following spells:

 Spells                   Type           Power      Damage    Failure   Level
 Spider Form              Tmut/Pois      6%         N/A       34%         3
 Ice Form                 Ice/Tmut       6%         N/A       75%         4


Dungeon Overview and Level Annotations

Branches:
Dungeon (2/15)

Altars:


Innate Abilities, Weirdness & Mutations

You cannot wear most types of armour.
You are amphibious.
You can wear up to eight rings at the same time.
Your skin changes colour to match your surroundings (Stealth+).
Your rubbery body absorbs attacks. (AC +1, EV +1)
((You are camouflaged when in or above water. (Stealth+)))
You have tentacles for arms and can constrict up to eight enemies at once.


Message History

You tentacle-slap the goblin but do no damage.
Your grab misses the goblin.
Your tentacle spike misses the goblin.
The goblin unwields a +0 sling.
The goblin wields a +0 dagger.
The goblin hits you with a +0 dagger.
You take 2 damage, and have 22/24 hp.
You tentacle-slap the goblin. Your grab misses the goblin.
You pierce the goblin, but do no damage.
The goblin misses you.
You tentacle-slap the goblin.
You kill the goblin!
Unknown command.
No target in view!
No target in view!
Your tentacle spike disappears.
A ball python comes into view.
The ball python moves out of view.
Things that are here:
a +0 dagger; a +0 sling; a goblin corpse A goblin comes into view.
It is wielding a +0 dagger.
Health restored: 24; MP restored: 6 One of your tentacles grows a vicious spike.
You now have 5/6 mp.
The goblin misses you.
You closely miss the goblin. You grab the goblin.
You pierce the goblin.
You kill the goblin!
Unknown command.
No target in view!
No target in view!
Unknown command.
Your tentacle spike disappears.
Unknown command.
Things that are here:
a +0 dagger; 11 gold pieces A ball python is nearby!
MP restored: 6 No target in view!
You miscast Beastly Appendage.
You are very lightly contaminated with residual magic.
Nothing appears to happen.
You now have 5/6 mp.
A ball python is nearby!
Unknown command.
Found an escape hatch in the floor.
The ball python hisses angrily.
A bat comes into view.
Unknown command.
You closely miss the ball python. Your grab misses the ball python.
Your squeeze misses the ball python. The ball python bites you.
The ball python misses you. x2
The ball python grabs you. The ball python constricts you.
You take 4 damage, and have 20/24 hp.
You tentacle-slap the ball python. You grab the ball python.
You constrict the ball python.
You kill the ball python!
The bat hits you but does no damage.
You closely miss the bat. Your grab misses the bat.
Your squeeze misses the bat. The bat barely misses you.
The bat closely misses you.
Your magical contamination has completely faded away.
You barely miss the bat. Your grab misses the bat.
The bat hits you but does no damage. The bat completely misses you.
The bat hits you.
You take 1 damage, and have 20/24 hp.
Unknown command.
You miss the bat. Your grab misses the bat. The bat hits you.
You take 1 damage, and have 19/24 hp.
The bat misses you.
MP restored: 6 You miss the bat.
You grab the bat. You constrict the bat. The bat closely misses you.
The bat struggles to escape constriction.
The bat escapes!
The bat misses you. The bat barely misses you.
The bat hits you but does no damage.
You tentacle-slap the bat. You grab the bat. You constrict the bat.
You kill the bat!
No target in view!
No target in view!
No target in view!
No target in view!
Unknown command.
An orc, an orc priest and an orc wizard come into view.
The orc wizard shouts!
The orc wizard gestures wildly while chanting.
The orc wizard flickers and vanishes!
Deactivating autopickup; reactivate with Ctrl-A.
The orc priest shouts!
The orc shouts!
An orc comes into view. It is wielding a +0 short sword.
The orc shouts!
An orc wizard comes into view. It is wielding a +0 dagger.
The orc priest calls down the wrath of Beogh upon you.
Beogh smites you!
Ouch! That really hurt!
You take 13 damage, and have 10/24 hp.
MASSIVE DAMAGE!!
The orc priest invokes the aid of Beogh against you.
Beogh smites you!
You die...

#######........##
......../........
###
#................
.$.
#........).......
#.##.......o........
...#.####..........
#.#.##.....#####..
##......o.....#
#<.@.o.o......#
#...............#
#.#>............#
#.#.####.†......#
#.#)# #........#
#.#.####........#
#........).######
##.###.......####
.............#


You could see an orc priest, an orc wizard and 2 orcs.

Vanquished Creatures
  A dart slug (D:1)
  A ball python (D:3)
  5 endoplasms (D:1)
  5 goblins
  4 jackals (D:1)
  A kobold (D:1)
  3 quokkas (D:1)
  4 bats
  A frilled lizard (D:1)
  4 rats
29 creatures vanquished.

Notes
Turn   | Place    | Note
-------+----------+-------------------------------------------
     0 | D:1      | OTABOTABOTAB the Octopode Transmuter began the quest for
                  | the Orb.
     0 | D:1      | Reached XP level 1. HP: 13/13 MP: 3/3
   182 | D:1      | Reached XP level 2. HP: 18/18 MP: 3/5
   365 | D:1      | Learned a level 2 spell: Wereblood
   439 | D:1      | Reached XP level 3. HP: 21/24 MP: 6/6
   728 | D:2      | You fall into a shaft and drop 1 floor!
   794 | D:3      | Killed from afar by an orc priest

Illustrated notes

Levels and vault maps discovered:
D:1:      amcnicky_arrival_double_pillar, layout_rooms, amethyst_killhole,
          minmay_cupped
D:2:      layout_basic
D:3:      layout_basic, uniq_terence

Action                   || total
-------------------------++-------
Melee: Unarmed           ||    66
       Constrict         ||    22
       Tentacles         ||    12
       Kick              ||    17
 Cast: Beastly Appendage ||    13
 Abil: End Transformatio ||    10
  Use: Scroll            ||     2
 Stab: Sleeping          ||     2
Armor: Skin              ||     9
Dodge: Dodged            ||    42

Table legend: (Time is in decaauts)
 A = Elapsed time spent in this place.
 B = Non-inter-level travel time spent in this place.
 C = Inter-level travel time spent in this place.
 D = Time resting spent in this place.
 E = Time spent auto-exploring this place.
 F = Levels seen in this place.
 G = Mean time per level.
                   A        B        C        D        E       F      G
               +--------+--------+--------+--------+--------+-----+--------+
         Total |    789 |    770 |     19 |     50 |    498 |   3 |  263.0 |
       Dungeon |    789 |    770 |     19 |     50 |    498 |   3 |  263.0 |
               +--------+--------+--------+--------+--------+-----+--------+

Top non-repeatable levels by time:
     D:1: 711 daAuts
     D:3: 65 daAuts
     D:2: 12 daAuts

Table legend:
 A = Kills in this place as a percentage of kills in entire the game.
 B = Kills by you in this place as a percentage of kills by you in the entire game.
 C = Kills by friends in this place as a percentage of kills by friends in the entire game.
 D = Other kills in this place as a percentage of other kills in the entire game.
 E = Experience gained in this place as a percentage of experience gained in the entire game.
 F = Experience gained in this place divided by the number of levels of this place that you have seen.
                   A       B       C       D       E      F
               +-------+-------+-------+-------+-------+----------------------
         Total | 100.0 | 100.0 |   N/A |   N/A | 100.0 |  17.0
       Dungeon | 100.0 | 100.0 |   N/A |   N/A | 100.0 |  17.0
               +-------+-------+-------+-------+-------+----------------------
